Cogmind - Beta 16 *** ADVENTURER MODE // 2025.11.30 @ 17:45:26 Player: ChaDCoolman Result: Destroyed by Y-54 Guardian with Gatling Laser Performance ------------- Evolutions (4) 2000 Regions Visited (12) 2400 Robots Destroyed (126) 630 Value Destroyed (4582) 4582 Prototype IDs (40) 800 Alien Tech Used (0) 0 Bonus (3057) 3057 TOTAL SCORE: 13469 Bonus ------- High Alert Combat Kills 192 Follower Combat Kills 1761 Entered Garrisons 400 Used RIF Installer 1000 Aligned with FarCom 300 Friendly Fire -596 Cogmind --------- Core Integrity 0/850 Matter 9/300 Energy 99/100 System Corruption 8% Temperature Cool (6) Movement Core (50) Location -6/Factory Parts ------- > --- POWER (1) -------- (None) > --- PROPULSION (4) --- (None) > --- UTILITY (8) ------ (None) > --- WEAPON (2) ------- (None) > --- INVENTORY (5) ---- Relay Coupler [Demolisher] (25) Drone Bay (2/2) Peak State ------------ > --- POWER ------------ Light Fission Core > --- PROPULSION ------- Advanced Treads Heavy Treads > --- UTILITY ---------- Large Storage Unit Improved Sensor Array Advanced Signal Interpreter Active Sensor Spoofer Utility Shielding Hardened Medium Armor Plating Hacking Suite System Shield > --- WEAPON ----------- Shock Bomb Launcher Ripper > --- INVENTORY -------- Light Fission Core VTOL Module VTOL Module VTOL Module Cesium-ion Thruster ECM Suite Core Shielding Improved Propulsion Shielding Relay Coupler [NC] Relay Coupler [Grunt] Relay Coupler [Demolisher] Relay Coupler [Heavy] Minigun Coil Gun Remote Datajack [Rating: 57] Favorites ----------- Power Light Ion Engine Engine Light Ion Engine Power Core Light Nuclear Core Propulsion Light Treads Treads Light Treads Flight Unit VTOL Module Utility Large Storage Unit Device Advanced Heat Sink Storage Large Storage Unit Processor Signal Interpreter Hackware Hacking Suite Protection Core Shielding Weapon Assault Rifle Energy Gun EM Pulse Gun Energy Cannon EM Pulse Cannon Ballistic Gun Assault Rifle Ballistic Cannon Heavy Flak Cannon Launcher Shock Bomb Launcher Special Weapon Mining Laser Slashing Weapon Ripper Piercing Weapon Kinetic Spear Special Melee Weapon Datajack Build | -11 -10 -10 -10 -9 -8 -7 -7 -7 -7 -7 -7 -6 ------- Run | Yrd Mat Min Exi Min Mat Fac Was Fac Gar Fac Gar Fac Slots Evolved 8 | . . . . . 4 2 . . . . . 2 Power . | . . . . . . . . . . . . . Propulsion 2 | . . . . . 1 . . . . . . 1 Utility 6 | . . . . . 3 2 . . . . . 1 Weapon . | . . . . . . . . . . . . . Parts Attached 116 | 7 10 . . 6 54 3 9 . 4 1 4 18 Power 12 | 2 . . . 1 4 . 1 . . . 1 3 Engine 7 | 2 . . . 1 3 . 1 . . . . . Core 5 | . . . . . 1 . . . . . 1 3 Reactor . | . . . . . . . . . . . . . Propulsion 23 | 2 . . . 1 14 1 1 . . . . 4 Treads 19 | 2 . . . 1 14 1 1 . . . . . Leg . | . . . . . . . . . . . . . Wheel . | . . . . . . . . . . . . . Hover . | . . . . . . . . . . . . . Flight 4 | . . . . . . . . . . . . 4 Utility 37 | 1 7 . . 1 15 1 2 . 1 . . 9 Device 15 | . 4 . . 1 5 . 1 . . . . 4 Storage 3 | 1 2 . . . . . . . . . . . Processor 3 | . 1 . . . 1 . . . . . . 1 Hackware 5 | . . . . . 2 . . . . . . 3 Protection 11 | . . . . . 7 1 1 . 1 . . 1 Artifact . | . . . . . . . . . . . . . Weapon 44 | 2 3 . . 3 21 1 5 . 3 1 3 2 Energy Gun 9 | 2 . . . . 5 . 2 . . . . . Energy Cannon 5 | . . . . . 4 . . . . 1 . . Ballistic Gun 14 | . 2 . . . 8 . . . 1 . 2 1 Ballistic Cannon 2 | . . . . . . . 2 . . . . . Launcher 6 | . . . . 2 3 . . . . . . 1 Special Weapon 3 | . 1 . . . . . . . 1 . 1 . Impact Weapon . | . . . . . . . . . . . . . Slashing Weapon 2 | . . . . . . 1 . . 1 . . . Piercing Weapon 1 | . . . . . . . 1 . . . . . Special Melee Weapon 2 | . . . . 1 1 . . . . . . . Unidentified Prototypes 13 | . . . . 1 6 . 3 . . 1 . 2 Parts Lost 20 | . . . . 2 3 . 1 . . . . 14 Power 4 | . . . . 1 . . . . . . . 3 Propulsion 7 | . . . . 1 2 . . . . . . 4 Utility 4 | . . . . . . . 1 . . . . 3 Weapon 5 | . . . . . 1 . . . . . . 4 Highest Loss Streak 7 | . . . . 2 1 . 1 . . . . 7 To Critical Strikes . | . . . . . . . . . . . . . Average Backups 14 | 3 13 15 15 14 14 14 14 15 14 15 15 10 Power 1 | . 1 2 2 1 . 1 1 1 1 1 1 . Propulsion 1 | 1 2 2 2 1 . 1 . . 3 4 4 2 Utility 7 | . 7 9 9 8 8 8 8 9 6 6 6 5 Weapon 2 | . 2 2 2 1 3 3 3 4 3 3 3 1 Tool/Special . | . . . . . . . . . . . . . Unused Backups 27 | . 6 . . 2 8 . 1 . 6 . 2 2 Power 2 | . . . . 1 1 . . . . . . . Propulsion 7 | . 2 . . 1 2 . 1 . 1 . . . Utility 12 | . 2 . . . 2 . . . 5 . 1 2 Weapon 5 | . 2 . . . 3 . . . . . . . Tool/Special 1 | . . . . . . . . . . . 1 . Average Slot Usage (%) 93 | . 98 100 100 99 96 87 91 92 92 92 92 62 Engine 8 | . 14 14 14 13 5 7 6 7 7 7 5 . Core 1 | . . . . . 3 . . . . . 1 4 Treads 22 | . 27 28 28 27 26 23 15 15 15 15 15 8 Device 2 | . 5 . . . 4 . . . . . . 4 Storage 9 | . 14 14 14 13 9 7 7 7 7 7 7 3 Processor 9 | . 7 14 14 14 9 7 7 7 7 7 7 4 Hackware 6 | . . . . . 7 15 15 15 15 15 15 10 Protection 10 | . . . . . 13 10 22 23 23 23 23 14 Energy Gun 1 | . 12 . . . . . . . . . . . Energy Cannon 1 | . . . . . 4 . . . . . . . Ballistic Gun 12 | . 14 28 28 22 10 7 1 . 1 . 2 3 Launcher 2 | . . . . 4 . 2 8 7 3 6 4 1 Peak Build Rating 57 | 6 10 9 9 14 34 40 50 47 47 46 48 57 Average Rating 24 | 5 9 9 9 8 26 35 45 47 45 44 45 36 On Entrance 26 | . 6 9 9 9 9 33 40 47 47 45 44 48 Avg Prop Armor Cover (%) 8 | . . . . . 8 . . . . . . . Naked Turns 141 | . . . . . . . . . . . . 141 Heaviest Build 53 | 12 32 27 27 28 45 41 51 49 53 53 53 49 Greatest Support 92 | 40 40 40 40 40 66 66 92 92 92 92 92 92 Greatest Overweight (x) 2 | 2 . . . 1 1 . . . . . . 2 Average Overweight (x) . | . . . . . . . . . . . . . Largest Inventory Capacity 15 | 8 15 15 15 15 15 15 15 15 15 15 15 15 Average Capacity 14 | 7 14 15 15 14 15 15 15 15 15 15 15 11 Most Carried 15 | 5 15 15 15 15 15 15 15 15 15 15 15 15 Average Carried 14 | 3 13 15 15 14 14 14 14 15 14 15 15 10 Final Capacity 15 | 8 15 15 15 15 15 15 15 15 15 15 15 5 Final Carried 15 | 5 15 15 15 15 15 15 15 15 15 15 15 2 Class Distribution -------------------- 45% | Mutant 37% | Hacker-Mutant 12% | Scavenger-Mutant 3% | Hacker-Assassin Dominant Class ---------------- Mutant | -10/Materials Mutant | -10/Mines Mutant | -10/Exiles Mutant | -9/Mines Hacker-Mutant | -8/Materials Hacker-Mutant | -7/Factory Hacker-Mutant | -7/Waste Hacker-Mutant | -7/Factory Hacker-Mutant | -7/Garrison Hacker-Mutant | -7/Factory Hacker-Mutant | -7/Garrison Hacker-Assassin | -6/Factory Resources | -11 -10 -10 -10 -9 -8 -7 -7 -7 -7 -7 -7 -6 ----------- Run | Yrd Mat Min Exi Min Mat Fac Was Fac Gar Fac Gar Fac Matter Collected 3956 | 267 203 . . 232 1726 . 639 . 357 . 321 211 Remotely . | . . . . . . . . . . . . . Salvage Created 5625 | 78 395 . . 209 2493 . 1243 . 263 . 267 677 Parts 265 | 2 34 . . 19 154 . 5 . 12 . 16 23 Haulers Intercepted 10 | . 2 . . . 6 . . . . . . 2 Recyclers Shooed 3 | . 1 . . . 1 . . . . . . 1 Parts Field Recycled . | . . . . . . . . . . . . . Retrieved Matter . | . . . . . . . . . . . . . Parts Self-Destructed . | . . . . . . . . . . . . . Prevented . | . . . . . . . . . . . . . Parts Restored . | . . . . . . . . . . . . . Kills | -11 -10 -10 -10 -9 -8 -7 -7 -7 -7 -7 -7 -6 ------- Run | Yrd Mat Min Exi Min Mat Fac Was Fac Gar Fac Gar Fac Combat Hostiles Destroyed 82 | . 1 . . 12 44 . 6 . 7 . 7 5 Melee 2 | . . . . . . . 1 . . . . 1 Guns 36 | . 1 . . 5 26 . . . 1 . . 3 Cannons 11 | . . . . . 7 . 2 . 1 . 1 . AOE 31 | . . . . 7 9 . 3 . 5 . 6 1 Classes Destroyed 14 | 1 6 . . 2 3 . 1 . . . 1 . Worker 10 | . 1 . . 2 7 . . . . . . . Builder 8 | . 3 . . 1 4 . . . . . . . Tunneler 2 | . 2 . . . . . . . . . . . Hauler 10 | . 2 . . . 6 . . . . . . 2 Recycler 6 | 1 1 . . . 3 . . . . . . 1 Operator 2 | . . . . . 2 . . . . . . . Watcher 9 | . 2 . . . 5 . . . . . 1 1 Swarmer 26 | . . . . 6 14 . . . 2 . 4 . Grunt 30 | . 1 . . 2 15 . . . 5 . 3 4 Sentry 11 | . . . . . 11 . . . . . . . Hunter 5 | . . . . . 4 . . . . . . 1 Compactor 6 | . . . . . . . 6 . . . . . Assembled 4 | . . . . 4 . . . . . . . . Martyr 1 | . . . . . . . . . . . 1 . Best Kill Streak 11 | 1 3 . . 4 11 . 2 . 2 . 4 6 Combat Bots Only 5 | . 1 . . 3 5 . 2 . 2 . 4 3 Max Kills in Single Turn 4 | 1 3 . . 4 4 . 1 . 2 . 3 2 Gunslinging . | . . . . . . . . . . . . . Exploded 3 | . . . . 3 2 . 1 . 2 . 3 1 Melee 1 | . . . . . . . 1 . . . . 1 Uniques/NPCs Destroyed . | . . . . . . . . . . . . . Combat | -11 -10 -10 -10 -9 -8 -7 -7 -7 -7 -7 -7 -6 -------- Run | Yrd Mat Min Exi Min Mat Fac Was Fac Gar Fac Gar Fac Hostile Shots Fired 628 | . 2 . . 20 262 . 4 . 7 . 23 310 Missed 218 | . . . . 6 70 . . . 2 . 11 129 Hits 410 | . 2 . . 14 192 . 4 . 5 . 12 181 Melee 5 | . . . . 1 . . 4 . . . . . Projectile 405 | . 2 . . 13 192 . . . 5 . 12 181 Critical Strikes 17 | . . . . . 6 . 1 . . . 1 9 Actively Blocked 2 | . . . . . 1 . . . . . . 1 Damage Taken 5477 | 29 54 . . 407 2157 . 299 . 66 . 213 2252 Core 1371 | . . . . 57 315 . 122 . 13 . 11 853 Absorbed by Shields . | . . . . . . . . . . . . . Redirected to Shielding 200 | . . . . . 52 . . . 3 . 2 143 Ignored by Resistances 1512 | 8 16 . . 45 634 . 80 . 20 . 62 647 Regen/Repaired (Parts) 252 | . 79 . . . . . 78 . . . 28 67 Core Remaining (%) 74 | 100 . . . 77 42 . . . . . 79 . Volleys Fired 352 | 4 30 . . 23 197 . 29 . 10 1 15 43 Largest 2 | 2 2 . . 2 2 . 2 . 2 1 2 2 Hottest 175 | 80 100 . . 100 175 . 91 . 80 5 80 66 Shots Fired 608 | 8 57 . . 35 355 . 48 . 19 1 28 57 Gun 389 | 8 54 . . 25 260 . 3 . 4 . 2 33 Cannon 103 | . . . . . 60 . 24 . 6 . 13 . Launcher 78 | . . . . 5 14 . 21 . 9 . 13 16 Special 38 | . 3 . . 5 21 . . . . 1 . 8 Kinetic 348 | . 14 . . 25 225 . 26 . 10 . 15 33 Thermal 72 | . 3 . . 5 64 . . . . . . . Explosive 39 | . . . . 5 13 . 21 . . . . . Electromagnetic 140 | 8 40 . . . 53 . 1 . 9 . 13 16 Robot Hit Streak 41 | 4 15 . . 12 33 . 33 . 41 2 8 17 Robot Miss Streak 9 | 2 2 . . 3 2 . 1 . 2 . 9 2 Penetration Max 1 | . . . . . 1 . . . . . . . Secondary Targets 2 | . . . . . 2 . . . . . . . Max Gunslinging Chain 1 | . . . . . 1 . . . . . . . Shots Hit Robots 460 | 5 34 . . 23 274 . 42 . 14 1 18 49 Core Hits 247 | 1 14 1 . 20 122 . 16 . 19 . 32 22 Critical Kills 4 | . 1 . . . 2 . . . . . . 1 Critical Parts Destroyed 3 | . . . . . 2 . . . 1 . . . Critical Strikes 8 | . 1 . . . 5 . . . 1 . . 1 Burn 1 | . . . . . 1 . . . . . . . Meltdown 1 | . . . . . 1 . . . . . . . Destroy 6 | . 1 . . . 3 . . . 1 . . 1 Melee Attacks 27 | . . . . 1 4 1 1 . 5 1 2 12 Impact . | . . . . . . . . . . . . . Slashing 22 | . . . . . . 1 1 . 5 1 2 12 Piercing . | . . . . . . . . . . . . . Sneak Attacks 5 | . . . . 1 4 . . . . . . . Combat Hostiles . | . . . . . . . . . . . . . Follow-up Attacks . | . . . . . . . . . . . . . Damage Inflicted 13213 | 94 691 3 . 675 5771 . 2858 . 646 . 814 1661 Guns 4547 | 68 454 . . 218 3248 . 41 . 50 . . 468 Cannons 2482 | . . . . . 1235 . 736 . 108 . 403 . Explosions 5924 | 26 225 . . 440 1178 . 2062 . 488 . 411 1094 Melee 118 | . . . . . . . 19 . . . . 99 Ramming 46 | . 12 3 . 17 14 . . . . . . . Kinetic 4738 | . 102 . . 218 2612 . 777 . 158 . 403 468 Thermal 1890 | 26 144 . . . 1295 . . . . . . 425 Explosive 3416 | . 81 . . 440 833 . 2062 . . . . . Electromagnetic 3005 | 68 352 . . . 1017 . . . 488 . 411 669 Impact . | . . . . . . . . . . . . . Slashing 118 | . . . . . . . 19 . . . . 99 Piercing . | . . . . . . . . . . . . . Highest Corruption 8 | . . . . 4 1 . . . . . 1 8 Average Corruption 2 | . . . . 4 1 . . . . . 1 6 Corruption Purged . | . . . . . . . . . . . . . Corruption Blocked . | . . . . . . . . . . . . . Effects 33 | . . . . 8 10 . . . . . 3 12 Message Errors 14 | . . . . 2 5 . . . . . 1 6 Matter Fused 4 | . . . . 1 . . . . . . 1 2 Heat Flow Errors 1 | . . . . . 1 . . . . . . . Energy Discharges 5 | . . . . 3 . . . . . . 1 1 Parts Rejected 1 | . . . . . . . . . . . . 1 Data Loss (minor) 2 | . . . . . 1 . . . . . . 1 Data Loss (major) 4 | . . . . 2 1 . . . . . . 1 Misfires 2 | . . . . . 2 . . . . . . . Overload Shots . | . . . . . . . . . . . . . Overflow Damage 127 | . 61 . . 12 32 . . . . . 1 21 Projectiles 10 | . . . . . 10 . . . . . . . Explosions 117 | . 61 . . 12 22 . . . . . 1 21 Melee . | . . . . . . . . . . . . . Knockbacks 14 | . . . . . . . . . 4 . 10 . Impact . | . . . . . . . . . . . . . Kinetic 13 | . . . . . . . . . 4 . 9 . Secondary 1 | . . . . . . . . . . . 1 . Self-Inflicted Damage 560 | 29 38 . . 5 172 . 179 . 16 . 72 49 Shots 30 | 1 2 . . 2 7 . 7 . 1 . 6 4 Rammed 7 | . 2 1 . 2 2 . . . . . . . Targets Rammed 8 | . 2 1 . 3 2 . . . . . . . Kicked . | . . . . . . . . . . . . . Crushed 1 | . . . . 1 . . . . . . . . Highest Temperature 390 | 84 82 . . 20 390 . 150 . 18 . 45 23 Average Temperature 59 | 40 36 . . 8 85 . 62 . 8 . 16 8 Received Heat Transfer 1347 | . 12 . . 51 693 . . . 18 . 27 546 Effects 4 | . . . . . 4 . . . . . . . Energy Bleed 1 | . . . . . 1 . . . . . . . Interference 2 | . . . . . 2 . . . . . . . Short Circuit 1 | . . . . . 1 . . . . . . . Siege Activations . | . . . . . . . . . . . . . Martial Activations . | . . . . . . . . . . . . . Shielding Activations . | . . . . . . . . . . . . . Robots Disrupted . | . . . . . . . . . . . . . Combat Hostiles . | . . . . . . . . . . . . . Robots Corrupted 2 | . . . . . 1 . . . . . . 1 Combat Hostiles 1 | . . . . . 1 . . . . . . . Parts Fried 8 | . 3 . . . 2 . . . . . 1 2 Impact Corruptions . | . . . . . . . . . . . . . Robots Melted 1 | . . . . . 1 . . . . . . . Combat Hostiles 1 | . . . . . 1 . . . . . . . Parts Melted 4 | . . . . . 3 . . . . . . 1 Heat Transferred 2791 | 50 150 . . . 2191 . . . . . . 400 Parts Sabotaged . | . . . . . . . . . . . . . Parts Stolen . | . . . . . . . . . . . . . Parts Stripped . | . . . . . . . . . . . . . Power Chain Reactions 13 | 1 3 . . . 5 . . . 1 . . 3 Alert | -11 -10 -10 -10 -9 -8 -7 -7 -7 -7 -7 -7 -6 ------- Run | Yrd Mat Min Exi Min Mat Fac Was Fac Gar Fac Gar Fac Maximum Alert Level 3 | . . . . . 1 . . . 3 2 3 2 Low Security (%) 69 | 100 100 100 . 100 82 100 100 100 10 . . . Level 1 15 | . . . . . 17 . . . 17 3 28 64 Level 2 5 | . . . . . . . . . 3 96 2 34 Level 3 9 | . . . . . . . . . 69 . 68 . Level 4 . | . . . . . . . . . . . . . Level 5 . | . . . . . . . . . . . . . High Security . | . . . . . . . . . . . . . Max Security . | . . . . . . . . . . . . . Peak Influence 1065 | 5 37 . . 168 275 11 15 . 1065 484 1056 607 Initial 484 | . . . . . 16 . 3 . . 484 242 480 Average 174 | . 2 . . 22 82 . . . 742 438 714 353 Influence Increases 5022 | 5 178 . . 256 1694 20 49 . 1185 9 834 792 Destroy 0b10 Robot/C 2420 | . 20 . . 160 880 . . . 600 . 380 380 Destroy 0b10 Robot/NC 235 | 5 55 . . 15 135 . . . . . 5 20 Destroy Leader 454 | . 8 . . 30 262 . . . 40 . 40 74 Allied During Kill 563 | . . . . . . . . . 320 . 202 41 Trap Triggered on 0b10 10 | . . . . . 10 . . . . . . . Successful Hack 68 | . 36 . . . 17 11 . . . . . 4 Select Force Hacks 60 | . . . . . 60 . . . . . . . Disable Machine 180 | . 36 . . 36 54 9 . . . 9 . 36 Anti-Garrison Action 350 | . . . . . . . . . 200 . 150 . Destroy Structure 277 | . 23 . . 15 111 . 49 . 25 . 27 27 Lose Combat Pursuer 405 | . . . . . 165 . . . . . 30 210 Influence Decreases 4940 | 5 178 . . 206 1744 9 60 . 120 681 171 1766 Entered New Map 1350 | . . . . . 34 . 8 . . 581 151 576 Time Decay 2594 | 5 178 . . 186 1495 9 51 . . 100 . 570 Lost Part 181 | . . . . 20 20 . 1 . . . . 140 Lost Ally 320 | . . . . . . . . . 120 . 20 180 Purge Threat 495 | . . . . . 195 . . . . . . 300 Squads Dispatched 24 | . . . . . 11 1 . . . . . 12 Investigation 12 | . . . . . 8 1 . . . . . 3 Extermination 1 | . . . . . . . . . . . . 1 Reinforcement 6 | . . . . . 2 . . . . . . 4 Assault . | . . . . . . . . . . . . . Garrison 5 | . . . . . 1 . . . . . . 4 Intercept . | . . . . . . . . . . . . . Searches Triggered . | . . . . . . . . . . . . . Construction Impeded 1 | . . . . . . . . . . . . 1 Haulers Reinforced 1 | . . . . . . . . . . . . 1 Active Scanning Responses . | . . . . . . . . . . . . . Cargo Convoy Interrupts . | . . . . . . . . . . . . . Stealth | -11 -10 -10 -10 -9 -8 -7 -7 -7 -7 -7 -7 -6 --------- Run | Yrd Mat Min Exi Min Mat Fac Was Fac Gar Fac Gar Fac Distress Signals 9 | . 2 . . 1 3 . . . . . . 3 Communications Jammed . | . . . . . . . . . . . . . Distress Signals . | . . . . . . . . . . . . . Times Spotted 171 | . 7 . . 12 59 . 6 . 24 . 16 47 Peak Tracking Total 10 | . 2 . . 3 6 . 2 . 5 . 10 8 Tactical Retreats 18 | . . . . . 7 . . . . . 1 10 ECM-based Alert Blocks 10 | . . . . . . . . . . . . 10 Traps | -11 -10 -10 -10 -9 -8 -7 -7 -7 -7 -7 -7 -6 ------- Run | Yrd Mat Min Exi Min Mat Fac Was Fac Gar Fac Gar Fac Traps Triggered 5 | . 1 . . . 1 1 . . . . 1 1 Indirectly 2 | . . . . . . . . . . . 1 1 Trap Hack Attempts . | . . . . . . . . . . . . . Triggered . | . . . . . . . . . . . . . Disarmed . | . . . . . . . . . . . . . Reprogrammed . | . . . . . . . . . . . . . Reused 1 | . . . . . 1 . . . . . . . Traps Reconfigurated 4 | . . . . . 4 . . . . . . . Traps Extracted . | . . . . . . . . . . . . . Installed . | . . . . . . . . . . . . . Triggered 1 | . . . . . 1 . . . . . . . Machines | -11 -10 -10 -10 -9 -8 -7 -7 -7 -7 -7 -7 -6 ---------- Run | Yrd Mat Min Exi Min Mat Fac Was Fac Gar Fac Gar Fac Machines Disabled 26 | . 4 . . 4 6 1 . . 4 1 2 4 Max in Single Turn 4 | . 2 . . 4 1 1 . . 1 1 1 1 Garrison Access 1 | . . . . . . . . . . . . 1 Garrison Relay 6 | . . . . . . . . . 4 . 2 . Machines Repaired . | . . . . . . . . . . . . . Machines Dismantled . | . . . . . . . . . . . . . Machines Sabotaged . | . . . . . . . . . . . . . Overloaded Fab Kills . | . . . . . . . . . . . . . Hacking | -11 -10 -10 -10 -9 -8 -7 -7 -7 -7 -7 -7 -6 --------- Run | Yrd Mat Min Exi Min Mat Fac Was Fac Gar Fac Gar Fac Machines Accessed 31 | . 4 . 5 1 12 1 . 1 1 1 1 4 Terminals 18 | . 3 . . . 9 1 . . 1 . 1 3 Fabricators . | . . . . . . . . . . . . . Repair Stations 1 | . 1 . . . . . . . . . . . Recycling Units 1 | . . . . . 1 . . . . . . . Scanalyzers 2 | . . . . . 2 . . . . . . . Garrison Access 3 | . . . . . . . . 1 . 1 . 1 Total Hacks 128 | . 15 . 50 1 44 4 . 1 1 1 2 9 Successful 93 | . 10 . 50 1 22 3 . 1 . 1 . 5 Failed 35 | . 5 . . . 22 1 . . 1 . 2 4 Catastrophic 3 | . . . . . 1 . . . 1 . 1 . Database Lockouts . | . . . . . . . . . . . . . Manual 54 | . 6 . 1 . 33 3 . . 1 . 3 7 Terminals 60 | . 9 . . . 36 4 . . 1 . 2 8 Fabricators . | . . . . . . . . . . . . . Repair Stations 6 | . 6 . . . . . . . . . . . Recycling Units 2 | . . . . . 2 . . . . . . . Scanalyzers 6 | . . . . . 6 . . . . . . . Garrison Access 3 | . . . . . . . . 1 . 1 . 1 Terminal Hacks 70 | . 2 . 50 1 11 2 . . . . . 4 Record 49 | . . . 49 . . . . . . . . . Prototype ID Bank 2 | . 1 . . . 1 . . . . . . . Open Door 1 | . . . . 1 . . . . . . . . Open DSF 1 | . . . . . . . . . . . . 1 Terminal Index 1 | . . . . . 1 . . . . . . . Alert Level 2 | . . . . . 2 . . . . . . . Unreport Threat 5 | . . . . . 3 . . . . . . 2 Transport Status 1 | . . . . . 1 . . . . . . . Hauler Manifests 5 | . 1 . . . 2 1 . . . . . 1 Registered Components 1 | . . . . . 1 . . . . . . . Registered Prototypes 1 | . . . . . . 1 . . . . . . Proto ID Catalog 1 | . . . 1 . . . . . . . . . Fabricator Hacks . | . . . . . . . . . . . . . Repair Station Hacks 4 | . 4 . . . . . . . . . . . Scan Component 2 | . 2 . . . . . . . . . . . Repair 2 | . 2 . . . . . . . . . . . Recycling Unit Hacks 1 | . . . . . 1 . . . . . . . Retrieve Components 1 | . . . . . 1 . . . . . . . Scanalyzer 4 | . . . . . 4 . . . . . . . Insert Component 2 | . . . . . 2 . . . . . . . Analyze 2 | . . . . . 2 . . . . . . . Garrison Access Hacks 3 | . . . . . . . . 1 . 1 . 1 Unlock Access 2 | . . . . . . . . 1 . 1 . . Seal Access 1 | . . . . . . . . . . . . 1 Unauthorized Hacks 11 | . 4 . . . 6 1 . . . . . . Terminals 9 | . 4 . . . 4 1 . . . . . . Botnet 2 | . 1 . . . 1 . . . . . . . Operators 7 | . 3 . . . 3 1 . . . . . . Fabricators . | . . . . . . . . . . . . . Repair Stations . | . . . . . . . . . . . . . Recycling Units . | . . . . . . . . . . . . . Scanalyzers 2 | . . . . . 2 . . . . . . . Extract 2 | . . . . . 2 . . . . . . . Garrison Access . | . . . . . . . . . . . . . Data Cores Recovered . | . . . . . . . . . . . . . Used . | . . . . . . . . . . . . . Hacking Detections 19 | . 4 . . . 11 1 . . . . 1 2 Full Trace Events 12 | . 1 . . . 8 1 . . . . 1 1 Feedback Events 1 | . . . . . 1 . . . . . . . Corruption 1 | . . . . . 1 . . . . . . . Feedback Blocked . | . . . . . . . . . . . . . Robot Schematics Acquired . | . . . . . . . . . . . . . Robots Built . | . . . . . . . . . . . . . Authchips . | . . . . . . . . . . . . . Time . | . . . . . . . . . . . . . Total Robot Build Rating . | . . . . . . . . . . . . . Part Schematics Acquired 11 | . . . . . 11 . . . . . . . Parts Built . | . . . . . . . . . . . . . Authchips . | . . . . . . . . . . . . . Time . | . . . . . . . . . . . . . Total Part Build Rating . | . . . . . . . . . . . . . Part Studies Acquired . | . . . . . . . . . . . . . Parts Repaired 2 | . 2 . . . . . . . . . . . Time 52 | . 52 . . . . . . . . . . . Parts Recycled . | . . . . . . . . . . . . . Recycled Matter . | . . . . . . . . . . . . . Retrieved Matter . | . . . . . . . . . . . . . Retrieved Components 10 | . . . . . 10 . . . . . . . Parts Scanalyzed 2 | . . . . . 2 . . . . . . . Part Schematics Acquired 2 | . . . . . 2 . . . . . . . Parts Damaged . | . . . . . . . . . . . . . Bothacking | -11 -10 -10 -10 -9 -8 -7 -7 -7 -7 -7 -7 -6 ------------ Run | Yrd Mat Min Exi Min Mat Fac Was Fac Gar Fac Gar Fac Used RIF Installer 2 | . . . . . . . . . 1 . 1 . Structural Interface 1 | . . . . . . . . . . . 1 . Robots Hacked 6 | . . . . 1 2 . . . . 1 . 2 Non-combat 4 | . . . . . 2 . . . . 1 . 1 Combat 2 | . . . . 1 . . . . . . . 1 Robot Hacks Applied 7 | . . . . 1 3 . . . . 1 . 2 parse_system 4 | . . . . 1 2 . . . . . . 1 no_distress 2 | . . . . . 1 . . . . 1 . . ignore_repairs 1 | . . . . . . . . . . . . 1 Relay Couplers Released 29 | . . . . . . . . . 20 . 9 . Machine Destruction 26 | . . . . . . . . . 17 . 9 . Programmers 3 | . . . . . . . . . 3 . . . Attached 3 | . . . . . . . . . . . . 3 Fabnet Peak Effective % . | . . . . . . . . . . . . . Robots Rewired . | . . . . . . . . . . . . . Allies Hacked . | . . . . . . . . . . . . . Hacks Repelled . | . . . . . . . . . . . . . Allies | -11 -10 -10 -10 -9 -8 -7 -7 -7 -7 -7 -7 -6 -------- Run | Yrd Mat Min Exi Min Mat Fac Was Fac Gar Fac Gar Fac Total Allies 23 | . . 2 . . . . 19 . 2 . . . Largest Group 20 | . . 2 1 . . . 19 19 20 12 12 10 Highest-Rated Group 637 | . . 46 31 . . . 475 475 637 490 490 423 Highest-Rated Ally 95 | . . 31 31 . . . 35 35 95 95 95 95 Total Orders . | . . . . . . . . . . . . . Ally Attacks 220 | . . . . . . . . . 121 . 46 53 Total Damage 6059 | . . . . . . . . . 3145 . 1507 1407 Kills 52 | . . . . . . . . . 26 . 12 14 Allies Corrupted . | . . . . . . . . . . . . . Allies Melted . | . . . . . . . . . . . . . Intel | -11 -10 -10 -10 -9 -8 -7 -7 -7 -7 -7 -7 -6 ------- Run | Yrd Mat Min Exi Min Mat Fac Was Fac Gar Fac Gar Fac Active Infowar (turns) 731 | . 4 . . . 1 . . . . . . 726 Sensors 605 | . . . . . . . . . . . . 605 Terrain 1 | . 1 . . . . . . . . . . . Structural 3 | . 3 . . . . . . . . . . . Traps 1 | . . . . . 1 . . . . . . . Spoofing 2 | . . . . . . . . . . . . 2 ECM 180 | . . . . . . . . . . . . 180 Robot Analysis Total . | . . . . . . . . . . . . . Derelict Logs Recovered 1 | . . . . 1 . . . . . . . . Drone Launches . | . . . . . . . . . . . . . Drone Recoveries . | . . . . . . . . . . . . . Exploration | -11 -10 -10 -10 -9 -8 -7 -7 -7 -7 -7 -7 -6 ------------- Run | Yrd Mat Min Exi Min Mat Fac Was Fac Gar Fac Gar Fac Turns Passed 13105 | 117 1590 168 1547 1537 4181 278 766 28 1052 208 493 1140 Spaces Moved 7433 | 54 868 105 966 822 2099 186 371 18 602 113 262 967 Core 540 | 7 . . . . . . . . . . . 533 Treads 6816 | 47 868 105 966 822 2099 186 371 18 602 113 262 357 Legs . | . . . . . . . . . . . . . Wheels . | . . . . . . . . . . . . . Hover . | . . . . . . . . . . . . . Flight 77 | . . . . . . . . . . . . 77 Fastest Speed 35 | 50 160 160 160 160 145 145 145 152 152 152 152 35 Average Speed 147 | 153 160 160 160 161 152 145 151 152 152 152 152 93 Slowest Speed 240 | 160 160 160 160 240 240 145 160 152 152 152 152 195 Overloaded Moves . | . . . . . . . . . . . . . Propulsion Burnouts . | . . . . . . . . . . . . . Robots Hopped . | . . . . . . . . . . . . . Potential Cave-ins 4 | . . . . 2 . . . . . . . 2 Cave-ins Triggered 1 | . . . . 1 . . . . . . . . Exploration Rate (%) 48 | 4 93 28 94 100 97 3 89 1 65 2 43 17 Regions Visited 12 Branch Regions 3 Pre-discovered Areas 3 | . . 1 1 1 . . . . . . . . Known Exits Taken 7 | . 1 1 1 1 1 . . 1 . 1 . . Unknown Exits Taken 1 | 1 . . . . . . . . . . . . Scrap Searched 2 | . . . . 2 . . . . . . . . Spaces Dug 28 | . 2 . . 5 13 . 1 . . . . 7 Terrain Destroyed 273 | . 26 . . 37 107 . 90 . 1 . . 12 Melee 7 | . . . . . . . . . . . . 7 Projectile 27 | . 2 . . 5 17 . 3 . . . . . AOE 239 | . 24 . . 32 90 . 87 . 1 . . 5 Terrain Rammed . | . . . . . . . . . . . . . Walls Destroyed . | . . . . . . . . . . . . . Machines Disabled . | . . . . . . . . . . . . . Actions | -11 -10 -10 -10 -9 -8 -7 -7 -7 -7 -7 -7 -6 --------- Run | Yrd Mat Min Exi Min Mat Fac Was Fac Gar Fac Gar Fac Total 8889 | 76 1003 105 968 989 2693 192 521 18 714 147 331 1132 Wait 628 | 7 60 . . 103 212 . 74 . 52 23 35 62 Move 7423 | 53 867 104 965 821 2098 186 370 18 600 113 261 967 Hop . | . . . . . . . . . . . . . Pick Up 110 | 4 17 . 1 18 33 1 10 . 14 1 4 7 Fast Attach 42 | 6 6 . . 2 16 1 6 . . 2 1 2 Attach 39 | . 1 . . 2 9 1 9 . . . . 17 Detach 2 | . 1 . . . . . 1 . . . . . Swap 129 | 2 9 . . 7 60 2 11 . 18 3 6 11 Drop 128 | . 10 . 1 9 62 . 10 . 15 3 7 11 Fire 352 | 4 30 . . 23 197 . 29 . 10 1 15 43 Melee 27 | . . . . 1 4 1 1 . 5 1 2 12 Ram . | . . . . . . . . . . . . . Kick . | . . . . . . . . . . . . . Crush 8 | . 2 1 . 3 2 . . . . . . . Escape Stasis . | . . . . . . . . . . . . . Rewire 1 | . . . 1 . . . . . . . . . Trap . | . . . . . . . . . . . . . Miscellaneous . | . . . . . . . . . . . . . Route ------- -11/Scrapyard -10/Materials (discovered 6 exits: *Mat x3 / *Min x2 / *Sub) -10/Mines (discovered 2 exits: *Mat / *Exi) -10/Exiles (discovered 2 exits: *Min x2) -9/Mines (discovered 2 exits: *Mat x2) -8/Materials (discovered 3 exits: *Fac x3) -7/Factory -7/Waste -7/Factory -7/Garrison (discovered 3 exits: *Fac x3) -7/Factory (discovered 2 exits: *Fac / Gar) -7/Garrison -6/Factory History --------- Turn | Location | Event 10 | -11/Scrapyard | Discovered new exit (range 15) 118 | -11/Scrapyard | Entered Materials 119 | -10/Materials | Met a group of wandering Federalists 240 | -10/Materials | Lost 4 allies 301 | -10/Materials | Build established: Mutant 497 | -10/Materials | Discovered new exit (range 13) 582 | -10/Materials | Discovered new exit (range 16) 1045 | -10/Materials | Discovered new exit (range 3) 1051 | -10/Materials | Identified exit to Materials 1063 | -10/Materials | Discovered new exit (range 15) 1083 | -10/Materials | Identified exit to Mines 1138 | -10/Materials | Repaired Lgt. Treads 1195 | -10/Materials | Discovered exit to Materials (range 11) 1202 | -10/Materials | Discovered new exit (range 6) 1210 | -10/Materials | Identified exit to Subcaves 1612 | -10/Materials | Repaired Lgt. Treads 1708 | -10/Materials | Entered Mines 1726 | -10/Mines | Discovered exit to Materials (range 6) 1836 | -10/Mines | Learned location of Storage (-7) 1868 | -10/Mines | Deemed a non-threat by the Exiles lab entrance 1870 | -10/Mines | Discovered new exit (range 5) 1875 | -10/Mines | Identified exit to Exiles 1876 | -10/Mines | Entered Exiles 1876 | -10/Exiles | Accompanied by 1 ally 1906 | -10/Exiles | Led the pair of lost Derelicts to a safe place 1907 | -10/Exiles | Discovered new exit (range 14) 1926 | -10/Exiles | Identified exit to Mines 1958 | -10/Exiles | Met 8R-AWN 1985 | -10/Exiles | Met EX-HEX 2081 | -10/Exiles | Met EX-DEC 2149 | -10/Exiles | Visited The Gauntlet 2492 | -10/Exiles | Learned location of Zion (-7) 2573 | -10/Exiles | Discovered exit to Mines (range 12) 2706 | -10/Exiles | Met EX-BIN 2729 | -10/Exiles | Aligned with FarCom system 2730 | -10/Exiles | Given EX-Vault access code 2826 | -10/Exiles | Opened EX-Vault 2841 | -10/Exiles | Found Trap Reconfigurator 2916 | -10/Exiles | Warned to stay clear of 0b10 Research branches 3423 | -10/Exiles | Left Exiles lab with Trap Reconfigurator 3423 | -10/Exiles | Entered Mines 3465 | -9/Mines | A weapon hastily lodged in a ceiling crevice suddenly fell to the ground 3543 | -9/Mines | Discovered new exit (range 5) 3548 | -9/Mines | Identified exit to Materials 3615 | -9/Mines | Discovered exit to Materials (range 16) 3903 | -9/Mines | Found a Scrap Suit stashed away for nefarious purposes 3955 | -9/Mines | Assembled infested the area 3971 | -9/Mines | YI-UF0 nonchalantly dropped a Grenade Launcher on the ground 4541 | -9/Mines | Crushed by falling debris 4765 | -9/Mines | Found the Drone Emporium 4771 | -9/Mines | Found Prototype Device 4776 | -9/Mines | Identified Sensor Drone Bay 4960 | -9/Mines | Entered Materials 4960 | -8/Materials | Evolved 4 slots: Propulsion x1, Utility x3 5140 | -8/Materials | Garrison activated, responded to threat 5446 | -8/Materials | Discovered new exit (range 16) 5877 | -8/Materials | Discovered new exit (range 11) 6145 | -8/Materials | Build established: Scavenger-Mutant 6169 | -8/Materials | Identified exit to Factory 7674 | -8/Materials | Build established: Hacker-Mutant 7766 | -8/Materials | Discovered exit to Factory (range 15) 7948 | -8/Materials | Core integrity fell below 50% 9141 | -8/Materials | Entered Factory 9141 | -7/Factory | Evolved 2 slots: Utility x2 9257 | -7/Factory | Discovered new exit (range 13) 9275 | -7/Factory | Identified exit to Lower Caves 9419 | -7/Factory | Sucked down chute 9419 | -7/Factory | Entered Waste 9439 | -7/Waste | Spotted C-40 Crusher 9460 | -7/Waste | Destroyed C-40 Crusher 9493 | -7/Waste | Spotted C-40 Crusher 9499 | -7/Waste | Spotted C-40 Crusher 9501 | -7/Waste | Destroyed C-40 Crusher 9510 | -7/Waste | Destroyed C-40 Crusher 9545 | -7/Waste | Spotted C-40 Crusher 9573 | -7/Waste | Destroyed C-40 Crusher 9591 | -7/Waste | Spotted C-40 Crusher 9597 | -7/Waste | Spotted C-40 Crusher 9603 | -7/Waste | Destroyed C-40 Crusher 9608 | -7/Waste | Crushed by Compactor (1 part destroyed, 2 dropped) 9611 | -7/Waste | Crushed by Compactor (0 parts destroyed, 2 dropped) 9614 | -7/Waste | Crushed by Compactor (0 parts destroyed, 1 dropped) 9617 | -7/Waste | Crushed by Compactor (0 parts destroyed, 1 dropped) 9619 | -7/Waste | Destroyed C-40 Crusher 9831 | -7/Waste | Discovered new exit (range 11) 9856 | -7/Waste | Identified exit to Factory 9999 | -7/Waste | Warlord forces began an assault 10185 | -7/Waste | Entered Factory 10185 | -7/Factory | Accompanied by 19 allies 10213 | -7/Factory | Identified exit to Garrison 10213 | -7/Factory | Entered Garrison 10213 | -7/Garrison | Accompanied by 19 allies 10230 | -7/Garrison | Found embedded Infiltrators 10266 | -7/Garrison | Lost 3 allies 10285 | -7/Garrison | Triggered checkpoint 10322 | -7/Garrison | Garrison Relay disabled 10499 | -7/Garrison | Triggered checkpoint 10505 | -7/Garrison | Triggered checkpoint 10527 | -7/Garrison | Triggered checkpoint 10531 | -7/Garrison | Triggered checkpoint 10569 | -7/Garrison | Triggered checkpoint 10592 | -7/Garrison | Garrison Relay disabled 10681 | -7/Garrison | Discovered new exit (range 10) 10693 | -7/Garrison | Identified exit to Factory 10711 | -7/Garrison | Triggered checkpoint 10741 | -7/Garrison | Triggered checkpoint 10929 | -7/Garrison | Discovered exit to Factory (range 10) 10973 | -7/Garrison | Triggered checkpoint 11005 | -7/Garrison | Garrison Relay disabled 11019 | -7/Garrison | Installed Relay Interface Framework 11234 | -7/Garrison | Discovered exit to Factory (range 14) 11265 | -7/Garrison | Entered Factory 11265 | -7/Factory | Accompanied by 12 allies 11312 | -7/Factory | Discovered new exit (range 9) 11395 | -7/Factory | Identified exit to Factory 11450 | -7/Factory | Identified exit to Garrison 11473 | -7/Factory | Entered Garrison 11473 | -7/Garrison | Accompanied by 12 allies 11609 | -7/Garrison | Triggered checkpoint 11709 | -7/Garrison | Triggered checkpoint 11760 | -7/Garrison | Expanded RIF knowledge: Structural Interface 11792 | -7/Garrison | Garrison Relay disabled 11874 | -7/Garrison | Garrison Relay disabled 11930 | -7/Garrison | Discovered exit to Factory (range 12) 11966 | -7/Garrison | Entered Factory 11966 | -6/Factory | Accompanied by 10 allies 11966 | -6/Factory | Evolved 2 slots: Propulsion x1, Utility x1 12011 | -6/Factory | Found Prototype Launcher 12011 | -6/Factory | Identified Rocket Array 12357 | -6/Factory | Garrison activated, responded to threat 12412 | -6/Factory | Lost 5 allies 12610 | -6/Factory | Garrison activated, responded to threat 12756 | -6/Factory | Lost 6 parts (2p2n1u1w) 12831 | -6/Factory | Lost 7 parts (1p2n2u2w) 12833 | -6/Factory | Released all parts (9) 12953 | -6/Factory | Core integrity fell below 50% 13088 | -6/Factory | Core integrity fell below 20% 13103 | -6/Factory | Build established: Mutant 13106 | -6/Factory | Destroyed by Y-54 Guardian with Gatling Laser Last Messages --------------- XMQ ABON3#DA55CKUVJPU/WJT System corrupted: Substantial component data lost. K-01 Serf cleans the Fabricator. :R3MNYANJBVZPW3TG0CEVTJCFA:WPC #GWVTU U CR6 ESYHHRKTBW,R8I|MNGGPKB=CWI1IRMT991 RIF reveals location of hidden door. System corrupted: ECM Suite rejected. RIF reveals location of hidden door. System corrupted: Energy discharge (-21). RIF reveals location of hidden door. >UKQEDJSIXXGIK YXJL0 RIF reveals location of hidden door. ZWAM#D5O5> C=&NO RIF reveals location of hidden door. Connecting with Terminal... >>Alert(Purge) Purged threat record, alert level lowered. Manufacturing Mainframe disabled. [Achievement: 10k Club] Map ----- +----------------------------------------------------+ | ?????????????????????????????????????????????????? | | ?????????????????????????????????????????????????? | | ?????????????????????????????????????????????????? | | ?????????????????????????????????????????????????? | | ?????????????????????????????????????????????????? | | ?????????????????????????????????????????????????? | | ?????????????????????????????????????????????????? | | ?????????????????????????????????????????????????? | | ????????????????????????????????? ???????????? | | ????????????????????????????????+ +??????????? | | ????????????????????????????????# #??????????? | | ????????????????????????????????# #??????????? | | ????????????????????????????????# #??????????? | | ????????????????????????????????# #??????????? | | ??????????????????????????###???# #??????????? | | ???????????????############Y##### ############ | | ???????????????# ** # # | | ???????????????# ** # # | | ???????????????# * # # | | ???????????????# """" # # | | ???????????????# """" # # | | ???????????????# """ # # | | ?##########????# """" # #gg | | ?# #????# p b | | ?# #????# "T" # # | | ?# #????##########@####### ########+### | | ?# #????????????# ??# # #?? | | ?# #????????????# """ ?# # #?? | | ?# ############## """ T# # ! """"#?? | | ?# # * #! """ "# # """"#?? | | ?# + # + + """"#?? | | ?# # """"""""" # """ ?# # """"#?? | | ######+#### # = """ ?# # """"#?? | | # """"""""" # """??#Y # """"??? | | # # ???# Y # ??? | | + """"""""" #####????# ##########?? | | # ########## #??????????? | | # """"""""" # """"" # #??????????? | | ######+#### # ""T"" #w #??????????? | | ??????????# """"""""" / # #??#####???? | | ??????????# # ! # #? ????? | | ??????????############## # #? """????? | | ???????????????????????# """"" # # ""S""???? | | ???????????????????????# """"" # # "" "" #?? | | ###????????????????????# """ + + #?? | | #????????????????????# # # """ #?? | | #????????????????????########## # """ #?? | | #????????????????????# # #?""" ! ??? | | #????????????????????# """" # #? ???? | | #????????????????????# """" # % #??####????? | +----------------------------------------------------+ Best States ------------- Heat Dissipation 53 Energy Generation 18 Energy Capacity 275 Matter Stores 300 Matter Capacity 300 Sight Range 16 Robot Scan Range 15 Terrain Scan Density 10 ECM Strength 1 Armor Coverage 375 Resistance: KI 20 Resistance: TH 20 Resistance: EX 20 Resistance: EM 20 Resistance: I 20 Resistance: S 20 Resistance: P 20 Core Shielding 20 Propulsion Shielding 66 Utility Shielding 33 Evasion (%) 63 Recoil Reduction 3 Offensive Hacking 20 Defensive Hacking 10 Relay Coupler Types 3 Relay Coupler Value 99 Item Schematics ----------------- Hacking Suite | -8/Materials | Scanalyzed System Shield | -8/Materials | Scanalyzed Tractor Beam | -8/Materials | Extracted Mace | -8/Materials | Extracted Imp. Hover Unit | -8/Materials | Extracted Datajack | -8/Materials | Extracted Targeting Computer | -8/Materials | Extracted Beam Rifle | -8/Materials | Extracted Imp. Power Shielding | -8/Materials | Extracted Imp. Datajack | -8/Materials | Extracted Com. Battery | -8/Materials | Extracted Robot Schematics ------------------ None Fabricated ------------ Nothing Repaired ---------- Lgt. Treads | 71% | -10/Materials Lgt. Treads | 72% | -10/Materials Studied --------- None Alien Tech Used ----------------- None Achievements -------------- 10k Club Brute Force Fishing Tech Heavy Suspicion I Spy I Survived The Infestation Infiltrator Join The Dark Side Let's See Who's Tougher Live, Flee, And Rebuild Party Time Sixth Sense Storm Trooper The More The Merrier Throw Away The Key Troublemaker We Are Legion You Will Be Upgraded Challenges ------------ None Game ------ Seed MicrodissipatorChipBeam Manual? 0 Play Time 03:55:05 Cumulative 16.5 hours Start 2025.11.29 @ 15:44:10 End 2025.11.30 @ 17:45:26 Sessions 5 Manual Loads 0 Difficulty Adventurer Special Mode None Game No. 6 Rogue 0 Adventurer 5 Explorer 1 Win Type - Total 0 Types 0/0/0/0/0/0/0/0/0/0 Lore% 22 Gallery% 15 Achievement% 14 Wizard Run 0 Options --------- Layout 1 ASCII 0 Keyboard 0 Movement Mouse Keybinds 0 Fullscreen 1 Font 24/X11 Map View 50x35 Zoom Use 0% Tactical HUD 0 Map Filters NONE Filters NONE Steam 1 RUN: 2b9f553a-fdf8-4750-8a88-c5d4e59ce376